 Dungeon Crawl Stone Soup version 0.30-a0-596-g0af90f9a20 (webtiles) character file.

Game seed: 10664121930949514268

109 wormed the Digger (level 4, -1/32 HPs)
             Began as a Gnoll Earth Elementalist on Jan 7, 2023.
             Slain by a centaur (3 damage)
             ... on level 3 of the Dungeon.
             The game lasted 00:03:54 (1642 turns).

wormed the Digger (Gnoll Earth Elementalist)        Turns: 1642, Time: 00:03:54

Health: -1/32      AC:  4    Str:  9    XL:     4   Next: 90%
Magic:  1/11       EV: 13    Int: 15    God:
Gold:   160        SH:  0    Dex: 12    Spells: 9/13 levels left

rFire   . . .      SeeInvis +    q - +3 dagger (venom)
rCold   . . .      Faith    .    (no shield)
rNeg    . . .      Spirit   .    a - +0 robe
rPois   .          Reflect  .    (no helmet)
rElec   .          Harm     .    (no cloak)
rCorr   .          Rampage  .    i - +1 pair of gloves
Will    .....                    (no boots)
Stlth   +++                      (no amulet)
HPRegen 0.25/turn                d - ring of see invisible
MPRegen 0.12/turn                (no ring)

@: mighty, about to teleport, very slightly contaminated
A: fangs 1, strong nose, distributed training
a: no special abilities


You were on level 3 of the Dungeon.
You visited 1 branch of the dungeon, and saw 3 of its levels.

You collected 160 gold pieces.

Inventory:

Hand Weapons
 q - a +3 dagger of venom (weapon)
Missiles
 n - 6 poisoned darts
Armour
 a - a +0 robe (worn)
 e - a +0 buckler
 i - a +1 pair of gloves (worn)
Jewellery
 d - a ring of see invisible (left hand)
 f - an amulet of faith
Scrolls
 j - a scroll of teleportation
Potions
 b - a potion of magic
 c - a potion of flight
 g - 2 potions of might
 l - a potion of curing {unknown}
 p - a potion of degeneration {unknown}


   Skills:
 + Level 1.3 Fighting
 + Level 1.3 Short Blades
 + Level 1.3 Long Blades
 + Level 1.3 Axes
 + Level 1.3 Maces & Flails
 + Level 1.3 Polearms
 + Level 1.3 Staves
 + Level 1.3 Ranged Weapons
 + Level 1.3 Throwing
 + Level 1.3 Armour
 + Level 4.7 Dodging
 + Level 4.3 Stealth
 + Level 1.3 Shields
 + Level 1.3 Unarmed Combat
 + Level 5.1 Spellcasting
 + Level 1.1 Conjurations
 + Level 1.1 Hexes
 + Level 1.1 Summonings
 + Level 1.1 Necromancy
 + Level 1.1 Translocations
 + Level 2.3 Transmutations
 + Level 1.1 Fire Magic
 + Level 1.1 Ice Magic
 + Level 1.1 Air Magic
 + Level 5.5 Earth Magic
 + Level 1.1 Poison Magic
 + Level 1.5 Invocations
 + Level 1.3 Evocations


You had 9 spell levels left.
You knew the following spells:

 Your Spells              Type           Power      Damage    Failure   Level
a - Sandblast             Erth           40%        2d10      1%          1
b - Stone Arrow           Conj/Erth      26%        3d8       12%         3

Your spell library contained the following spells:

 Spells                   Type           Power      Damage    Failure   Level
 Passwall                 Tmut/Erth      12%        N/A       4%          2
 Ensorcelled Hibernation  Hex/Ice        14%        N/A       16%         2
 Swiftness                Air            7%         N/A       30%         3
 Petrify                  Tmut/Erth      15%        N/A       32%         4


Dungeon Overview and Level Annotations

Branches:
Dungeon (3/15)

Altars:

Shops:
D:3 =


Innate Abilities, Weirdness & Mutations

You have very sharp teeth.
Your uncanny sense of smell can sniff out nearby items.
Your experience applies equally to all skills.


Message History

You hear an angry hiss.
The adder barely misses you.
Casting: Stone Arrow (quite dangerous; 12% risk of failure)
Confirm with . or Enter, or press ? or * to list all spells.
The spell is quite dangerous to miscast (12% risk of failure)!
Continue anyway?
Aiming: Stone Arrow (quite dangerous; 12% risk of failure)
Press: ? - help, Shift-Dir - straight line, f - centaur, p - adder
Aim: a centaur, wielding a +0 shortbow (81% to hit)
The stone arrow hits the centaur!
The centaur is severely wounded.
The frilled lizard hisses angrily.
The centaur unwields a +0 shortbow.
The centaur hits you. The centaur completely misses you. The adder bites you.
Casting: Stone Arrow (quite dangerous; 12% risk of failure)
Confirm with . or Enter, or press ? or * to list all spells.
Aiming: Sandblast (safe; 1% risk of failure)
Press: ? - help, Shift-Dir - straight line, f/p - centaur
Aim: a centaur (severely wounded, 90% to hit)
The blast of sand hits the centaur.
The centaur is almost dead.
The centaur barely misses you.
The centaur kicks you but does no damage.
The adder bites you but does no damage. The centaur hits you.
The centaur kicks you.
* * * LOW HITPOINT WARNING * * *
The adder bites you.
* * * LOW HITPOINT WARNING * * *
The centaur hits you but does no damage.
The centaur kicks you.
* * * LOW HITPOINT WARNING * * *
As you read the scroll of teleportation, it crumbles to dust.
You feel strangely unstable. The adder bites you.
* * * LOW HITPOINT WARNING * * *
The centaur closely misses you. The centaur completely misses you.
It was a potion of might.
You feel very mighty all of a sudden. The centaur barely misses you.
The centaur kicks you.
* * * LOW HITPOINT WARNING * * *
The adder barely misses you. The centaur hits you.
You die...

....$.........###.#
..### #.......##.#
.## ##.......##.#
## .........##.# #
.........##.# #
#.$$.....##.##### #
∆##.[..c.........#
# ∆#.....####c###.#
# #.....rlS@..#
.......#######
....... .......
..l....


You could see a centaur, an adder, a frilled lizard and a rat.

Vanquished Creatures
  Natasha (D:3)
  Robin (D:2)
  2 adders
  A dart slug (D:2)
  2 ball pythons
  3 bats
  7 endoplasms
  11 goblins
  7 hobgoblins
  4 jackals (D:2)
  2 kobolds
  A quokka (D:1)
  5 rats
47 creatures vanquished.

Vanquished Creatures (others)
  5 toadstools (D:1)
5 creatures vanquished.

Grand Total: 52 creatures vanquished

Notes
Turn   | Place    | Note
-------+----------+-------------------------------------------
     0 | D:1      | wormed the Gnoll Earth Elementalist began the quest for the
                  | Orb.
     0 | D:1      | Reached XP level 1. HP: 13/13 MP: 6/6
   340 | D:1      | Reached XP level 2. HP: 19/19 MP: 5/7
   717 | D:2      | Reached skill level 5 in Spellcasting
   717 | D:2      | Reached XP level 3. HP: 25/25 MP: 6/9
   853 | D:2      | Reached skill level 1 in Invocations
  1027 | D:2      | Noticed Robin
  1082 | D:1      | Learned a level 3 spell: Stone Arrow
  1215 | D:2      | Reached skill level 1 in Fighting
  1215 | D:2      | Reached skill level 1 in Short Blades
  1215 | D:2      | Reached skill level 1 in Long Blades
  1215 | D:2      | Reached skill level 1 in Axes
  1215 | D:2      | Reached skill level 1 in Maces & Flails
  1215 | D:2      | Reached skill level 1 in Polearms
  1215 | D:2      | Reached skill level 1 in Staves
  1215 | D:2      | Reached skill level 1 in Ranged Weapons
  1215 | D:2      | Reached skill level 1 in Throwing
  1215 | D:2      | Reached skill level 1 in Armour
  1215 | D:2      | Reached skill level 1 in Shields
  1215 | D:2      | Reached skill level 1 in Unarmed Combat
  1215 | D:2      | Reached skill level 1 in Evocations
  1329 | D:2      | Reached XP level 4. HP: 30/32 MP: 7/11
  1335 | D:2      | Killed Robin
  1518 | D:3      | Reached skill level 1 in Conjurations
  1518 | D:3      | Reached skill level 1 in Hexes
  1518 | D:3      | Reached skill level 1 in Summonings
  1518 | D:3      | Reached skill level 1 in Necromancy
  1518 | D:3      | Reached skill level 1 in Translocations
  1518 | D:3      | Reached skill level 1 in Fire Magic
  1518 | D:3      | Reached skill level 1 in Ice Magic
  1518 | D:3      | Reached skill level 1 in Air Magic
  1518 | D:3      | Reached skill level 1 in Poison Magic
  1570 | D:3      | Noticed Natasha
  1580 | D:3      | Found Hexy's Jewellery Shoppe.
  1585 | D:3      | Killed Natasha
  1631 | D:3      | Noticed a centaur
  1642 | D:3      | Slain by a centaur

Illustrated notes

Levels and vault maps discovered:
D:1:      ldierk_walled_garden, layout_rooms, st_stairs_1
D:2:      layout_rooms, uniq_robin
D:3:      layout_basic, fedhas_altar_3, gammafunk_ghost_icy, serial_shops, shop,
          dreamdust_ecumenical_altar_drowned_temple, kennysheep_doodads,
          minmay_door_square, minmay_cupped, uniq_jessica, uniq_natasha

Skill      XL: |  1  2  3  4 |
---------------+-------------+-----
Transmutations | 2 |  2.3
Spellcasting   | 5 |  5.1
Invocations    | 1 |  1.5
Fighting       | 1 |  1.3
Short Blades   | 1 |  1.3
Long Blades    | 1 |  1.3
Axes           | 1 |  1.3
Maces & Flails | 1 |  1.3
Polearms       | 1 |  1.3
Staves         | 1 |  1.3
Ranged Weapons | 1 |  1.3
Throwing       | 1 |  1.3
Armour         | 1 |  1.3
Shields        | 1 |  1.3
Unarmed Combat | 1 |  1.3
Evocations     | 1 |  1.3
Conjurations   | 1 |  1.1
Hexes          | 1 |  1.1
Summonings     | 1 |  1.1
Necromancy     | 1 |  1.1
Translocations | 1 |  1.1
Fire Magic     | 1 |  1.1
Ice Magic      | 1 |  1.1
Air Magic      | 1 |  1.1
Poison Magic   | 1 |  1.1
Dodging        | |  4.7
Stealth        | |  4.3
Earth Magic    | |  5.5

Action                   |  1- 3 |  4- 6 || total
-------------------------+-------+-------++-------
Melee: Dagger            |       |     9 ||     9
 Cast: Sandblast         |    46 |     7 ||    53
       Stone Arrow       |       |     2 ||     2
  Use: Scroll            |       |     7 ||     7
       Potion            |       |     1 ||     1
 Stab: Sleeping          |       |     4 ||     4
Armor: Robe              |     8 |     5 ||    13
Dodge: Dodged            |    23 |    15 ||    38

Table legend: (Time is in decaauts)
 A = Elapsed time spent in this place.
 B = Non-inter-level travel time spent in this place.
 C = Inter-level travel time spent in this place.
 D = Time resting spent in this place.
 E = Time spent auto-exploring this place.
 F = Levels seen in this place.
 G = Mean time per level.
                   A        B        C        D        E       F      G
               +--------+--------+--------+--------+--------+-----+--------+
         Total |   1670 |   1577 |     93 |      0 |   1236 |   3 |  556.7 |
       Dungeon |   1670 |   1577 |     93 |      0 |   1236 |   3 |  556.7 |
               +--------+--------+--------+--------+--------+-----+--------+

Top non-repeatable levels by time:
     D:2: 884 daAuts
     D:1: 654 daAuts
     D:3: 131 daAuts
